 Dungeon Crawl Stone Soup version 0.31-a0-188-g5e087ee2ca (webtiles) character file.

Game seed: 15407022658603865052

150 qw the Skirmisher (level 5, -5/29 HPs)
             Began as a Deep Elf Hunter on June 23, 2023.
             Slain by an ogre
             ... wielding a +0 giant spiked club
              (18 damage)
             ... on level 4 of the Dungeon.
             The game lasted 00:01:01 (2132 turns).

qw the Skirmisher (Deep Elf Hunter)                 Turns: 2132, Time: 00:01:01

Health: -5/29      AC:  7    Str: 10    XL:     5   Next: 10%
Magic:  7/7        EV: 11    Int: 14    God:
Gold:   157        SH:  0    Dex: 18    Spells: 4/4 levels left

rFire   . . .        Y - +0 shortbow
rCold   . . .        (shield currently unavailable)
rNeg    + . .        a - +0 ring mail
rPois   +            (no helmet)
rElec   .            (no cloak)
rCorr   .            e - +0 pair of gloves
SInv    .            q - +0 pair of boots
Will    .....        (no amulet)
Stlth   +            l - ring of poison resistance
HPRegen 0.24/turn    p - ring of positive energy
MPRegen 0.10/turn

%: no passive effects
@: no status effects
A: no striking features
a: no special abilities


You were on level 4 of the Dungeon.
You visited 1 branch of the dungeon, and saw 4 of its levels.

You collected 157 gold pieces.


   Skills:
 - Level 1.5 Fighting
 + Level 8.5 Ranged Weapons
 - Level 2.4 Dodging
 - Level 1.2 Stealth


You had 4 spell levels left.
You didn't know any spells.
Your spell library was empty.

Inventory:

Hand Weapons
 Y - a +0 shortbow (weapon)
Armour
 a - a +0 ring mail (worn)
 e - a +0 pair of gloves (worn)
 q - a +0 pair of boots (worn)
Jewellery
 l - a ring of poison resistance (left hand)
 p - a ring of positive energy (right hand)
Scrolls
 k - a scroll of teleportation
 m - a scroll of identify
Potions
 b - 4 potions of curing
 c - 2 potions of cancellation {unknown}
 d - a potion of magic {unknown}
 f - a potion of brilliance {unknown}
 g - a potion of enlightenment
 i - a potion of degeneration {unknown}
 j - a potion of might {unknown}
 o - a potion of attraction {unknown}

Dungeon Overview and Level Annotations

Branches:
Dungeon (4/15)
 Temple: D:4-7

Altars:


Message History

Enter note: You shoot an arrow.
The arrow hits the ogre.
The ogre shouts!
The ogre is lightly wounded.
A scorpion comes into view.
You shoot an arrow.
The arrow hits the ogre but does no damage.
The ogre is lightly wounded.
You shoot an arrow. The arrow barely misses the ogre.
You shoot an arrow. The arrow hits the ogre!
The ogre is moderately wounded.
You shoot an arrow. The arrow hits the ogre.
The ogre is heavily wounded.
The ogre barely misses you.
You shoot an arrow. The arrow hits the ogre.
The ogre is severely wounded.
You shoot an arrow. The arrow hits the ogre.
The ogre is severely wounded.
The ogre barely misses you.
You shoot an arrow. The arrow hits the ogre.
The ogre is severely wounded.
The ogre hits you with a +0 giant spiked club!
Ouch! That really hurt!
You shoot an arrow. The arrow barely misses the ogre.
The arrow hits the scorpion.
The scorpion is moderately wounded.
The ogre closely misses you.
You shoot an arrow. The arrow hits the ogre.
The ogre is almost dead.
You shoot an arrow.
The arrow hits the ogre but does no damage.
The ogre is almost dead.
The ogre closely misses you.
You shoot an arrow. The arrow hits the ogre.
The ogre is almost dead.
You hear the slow rusting of a distant drain.
An iguana comes into view.
The ogre hits you with a +0 giant spiked club!!
Ouch! That really hurt!
You die...

##+###....#.......
..........l....+..##...
..............#. #...
.............#+###...
............#.......
...........#.......
.s........#+###.<.
#######O#####'#.....#...
#......@......#.....#...
#.............#.....#...
###+###..##...#.....####
##########........
#........ #........
#........ #.......#
#.......#


You could see an ogre, a scorpion and an iguana (wandering).

Vanquished Creatures
  A sleepcap (D:4)
  4 adders
  4 dart slugs
  2 orcs (D:3)
  4 ball pythons
  4 endoplasms
  5 giant cockroaches
  9 goblins
  2 hobgoblins
  7 jackals (D:4)
  3 quokkas
  10 bats
  5 frilled lizards
  9 kobolds
  5 rats
74 creatures vanquished.

Notes
Turn   | Place    | Note
-------+----------+-------------------------------------------
     0 | D:1      | qw the Deep Elf Hunter began the quest for the Orb.
     0 | D:1      | Reached XP level 1. HP: 12/12 MP: 3/3
     0 | D:1      | 0 ||| qw: Version: 0.3-a-9-g12657ce
     0 | D:1      | 0 ||| qw: Game counter: 3733
     0 | D:1      | 0 ||| qw: Always use a shield: true
     0 | D:1      | 0 ||| qw: God list: Okawaru
     0 | D:1      | 0 ||| qw: Allow faded altars: false
     0 | D:1      | 0 ||| qw: Do Orc after D:15 true
     0 | D:1      | 0 ||| qw: Do second Lair branch before Depths: true
     0 | D:1      | 0 ||| qw: Lair rune preference: random
     0 | D:1      | 0 ||| qw: Plans: Normal
     0 | D:1      | 0 ||| PLANNING D:1-11
     3 | D:1      | 3 ||| DROPPING scroll of butterflies.
    39 | D:1      | 39 ||| READING scroll labelled XOILIE LINALEH.
    43 | D:1      | Reached skill level 6 in Ranged Weapons
    43 | D:1      | Reached XP level 2. HP: 16/16 MP: 4/4
   216 | D:1      | 216 ||| FLEEEEING.
   299 | D:1      | Reached XP level 3. HP: 20/20 MP: 5/5
   391 | D:1      | 391 ||| UPGRADING to +0 pair of gloves.
   465 | D:2      | Found a faded altar of an unknown god.
   508 | D:2      | Reached skill level 7 in Ranged Weapons
  1105 | D:2      | 1105 ||| UPGRADING to +0 pair of boots.
  1110 | D:2      | 1110 ||| UPGRADING to ring of poison resistance.
  1111 | D:2      | 1111 ||| UPGRADING to ring of positive energy.
  1112 | D:2      | 1112 ||| READING scroll labelled NUEWIS TYZXUL.
  1113 | D:2      | 1113 ||| READING scroll labelled QUAZXO INAL.
  1114 | D:2      | 1114 ||| READING scroll labelled GURASE OPADOWO.
  1215 | D:2      | 1215 ||| READING scroll labelled RYTECIM DUCO.
  1219 | D:2      | 1219 ||| READING 2 scrolls of identify.
  1219 | D:2      | 1219 ||| IDENTIFYING fuming pink potion
  1220 | D:2      | 1220 ||| DROPPING potion of ambrosia.
  1276 | D:3      | Reached XP level 4. HP: 25/25 MP: 6/6
  1629 | D:3      | Reached skill level 8 in Ranged Weapons
  1875 | D:3      | 1875 ||| UPGRADING to +0 ring mail.
  1885 | D:3      | 1885 ||| DROPPING +0 leather armour.
  1886 | D:3      | 1886 ||| READING 2 scrolls labelled CAOKLA ZOXT.
  1887 | D:3      | 1887 ||| READING scroll labelled SECKOZXUIWN.
  1888 | D:3      | 1888 ||| DRINKING 2 cyan potions.
  1889 | D:3      | 1889 ||| READING 2 scrolls of identify.
  1889 | D:3      | 1889 ||| IDENTIFYING green potion
  1890 | D:3      | 1890 ||| DROPPING scroll of immolation.
  1939 | D:4      | 1939 ||| PLANNING SEWER
  1960 | D:4      | Reached XP level 5. HP: 14/29 MP: 7/7
  2120 | D:4      | Noticed an ogre
  2132 | D:4      | Slain by an ogre

Levels and vault maps discovered:
D:1:      scummos_arrival_star, layout_rooms
D:2:      layout_basic, basic_ecumenical_altar, corexii_corridor_pit
D:3:      layout_basic
D:4:      layout_gridville, gup_sewer_entry_spiral, serial_shops,
          nicolae_book_shop_shelving, uniq_edmund, uniq_natasha, uniq_sigmund

Skill      XL: |  1  2  3  4 |
---------------+-------------+-----
Ranged Weapons | 6 7 8 |  8.5
Fighting       | |  1.5
Dodging        | |  2.4
Stealth        | |  1.2

Action                     |  1- 3 |  4- 6 || total
---------------------------+-------+-------++-------
   Fire: Shortbow          |   111 |   113 ||   224
    Use: Scroll            |     6 |     3 ||     9
         Potion            |       |     1 ||     1
 Armour: Leather armour    |    10 |     4 ||    14
         Ring mail         |       |     9 ||     9
  Dodge: Dodged            |    25 |    26 ||    51

Table legend:
 A = Non-vault XP
 B = Vault XP
 C = Vault XP percentage of total XP
 D = Non-vault monster count
 E = Vault monster count
 F = Vault count percentage of total count
                 A         B        C        D         E       F
            +---------+---------+-------+---------+---------+-------
      Total |     214 |       1 |   0.5 |      73 |       1 |   1.4
            +---------+---------+-------+---------+---------+-------
        D:1 |      46 |       0 |   0.0 |      27 |       0 |   0.0
        D:2 |      47 |       0 |   0.0 |      17 |       0 |   0.0
        D:3 |      64 |       0 |   0.0 |      20 |       0 |   0.0
        D:4 |      57 |       1 |   1.7 |       9 |       1 |  10.0
            +---------+---------+-------+---------+---------+-------
